 Dungeon Crawl Stone Soup version 0.27.1-1-g398f81649c (webtiles) character file.

Game seed: 3353689186365281579

85 Descartes the Scratcher (level 4, 0/19 HPs)
             Began as a Felid Transmuter on Sept 11, 2021.
             Succumbed to an adder's poison
             ... on level 3 of the Dungeon.
             The game lasted 00:03:36 (3542 turns).

Descartes the Scratcher (Felid Transmuter)          Turns: 3542, Time: 00:03:36

Health: 0/19       AC:  1    Str:  7    XL:     4   Next: 25%
Magic:  3/8        EV: 18    Int: 14    God:
Gold:   123        SH:  0    Dex: 16    Spells: 6/7 levels left
                                        Lives:  0   Deaths: 1

rFire    . . .     SeeInvis +     - Unarmed
rCold    . . .     Faith    .   (shield unavailable)
rNeg     . . .     Spirit   +   (armour unavailable)
rPois    .         Reflect  .   (helmet unavailable)
rElec    .         Harm     .   (cloak unavailable)
rCorr    .         Rampage  .   (gloves unavailable)
Will     .....                  (boots unavailable)
Stlth    ++........             d - amulet of guardian spirit
HPRegen  0.06/turn              (no ring)
MPRegen  0.11/turn              (no ring)

@: lethally poisoned (0 -> -1), appendages, quick
A: horns 2, very small, claws 1, fangs 3, see invisible, speed 1, shaggy fur 1,
stealthy paws, no weapons or thrown items, no armour, multi-lived
a: End Transformation


You were on level 3 of the Dungeon.
You had temporarily grown beastly horns.
You visited 1 branch of the dungeon, and saw 3 of its levels.

You collected 123 gold pieces.

Inventory:

Jewellery
 d - an amulet of guardian spirit (around neck)
Scrolls
 a - 2 scrolls of teleportation
 e - a scroll of immolation {unknown}
Potions
 b - 2 potions of lignification


   Skills:
 - Level 1.0 Fighting
 + Level 3.8 Dodging
 + Level 2.3 Stealth
 + Level 4.4 Unarmed Combat
 - Level 2.0 Spellcasting
 + Level 3.1 Transmutations


You had 6 spell levels left.
You knew the following spells:

 Your Spells              Type           Power      Damage    Failure   Level
a - Beastly Appendage     Tmut           20%        N/A       7%          1

Your spell library contained the following spells:

 Spells                   Type           Power      Damage    Failure   Level
 Wereblood                Tmut           10%        N/A       10%         2
 Spider Form              Tmut/Pois      2%         N/A       36%         3
 Ice Form                 Ice/Tmut       5%         N/A       77%         4


Dungeon Overview and Level Annotations

Branches:
Dungeon (3/15)

Altars:


Innate Abilities, Weirdness & Mutations

You have temporarily grown beastly horns.
You have sharp claws.
You have razor-sharp teeth.
You have supernaturally acute eyesight. (SInv)
You cover ground quickly. (Speed+)
You are covered in fur. (AC +1)
Your paws help you pounce on unaware monsters.
You are incapable of wielding weapons or throwing items.
You cannot wear armour.
You gain extra lives every three experience levels.


Message History

It was a scroll of magic mapping.
Your surroundings suddenly seem different.
Found a quarterstaff.
An adder comes into view.
The adder hisses angrily.
Found a scroll labelled DOSAIMUJEGH.
You miss the adder. The adder barely misses you.
You scratch the adder.
The adder is moderately wounded.
The adder bites you.
You are poisoned.
The adder poisons you! The adder misses you.
You scratch the adder but do no damage. Your bite misses the adder.
The adder is moderately wounded.
You feel sick. The adder bites you.
You miss the adder.
The adder is moderately wounded.
You feel sick. The adder bites you.
You are lethally poisoned!
The adder poisons you!
You closely miss the adder.
The adder is moderately wounded.
You feel sick. The adder misses you.
You claw the adder!
You kill the adder!
* * * LOW HITPOINT WARNING * * *
You feel sick.
* * * LOW HITPOINT WARNING * * *
You feel sick.
Casting: Beastly Appendage (safe; 7% risk of failure)
Confirm with . or Enter, or press ? or * to list all spells.
You grow a pair of large bovine horns.
* * * LOW HITPOINT WARNING * * *
You feel sick.
Okay, then.
* * * LOW HITPOINT WARNING * * *
You feel sick.
* * * LOW HITPOINT WARNING * * *
You feel sick.
You die...

*,* *,,≈≈≈≈ *,*
*,,,,,, *,*
############***,, *,*
#..........# *,, *,*
#.#......#.# **, *,*
##..........# *, *,*
#...#....#..# *,
#.###...........#****,
#....@...#..#.....,,*,
#######.)......####,**
*.....##...# *,,,
#.#........#* ****
#....#..#...#* *
#..........?.* *
*#..#....#...* *
*,....,..,,,*
*,*,,,,,,*,,*


There were no monsters in sight!

Vanquished Creatures
  An orc priest (D:2)
  A gnoll (D:1)
  4 adders
  2 worms (D:2)
  A dart slug (D:1)
  2 orcs (D:2)
  6 bats
  4 endoplasms
  A giant cockroach (D:2)
  9 goblins
  6 hobgoblins
  2 kobolds (D:2)
  2 quokkas
  4 ball pythons
  2 frilled lizards (D:1)
  6 rats
53 creatures vanquished.

Notes
Turn   | Place    | Note
-------+----------+-------------------------------------------
     0 | D:1      | Descartes the Felid Transmuter began the quest for the Orb.
     0 | D:1      | Reached XP level 1. HP: 9/9 MP: 4/4
   399 | D:1      | Reached XP level 2. HP: 9/12 MP: 6/6
   887 | D:1      | Reached XP level 3. HP: 9/15 MP: 7/7
  1012 | D:1      | Found a faded altar of an unknown god.
  1069 | D:1      | Reached skill level 4 in Unarmed Combat
  2036 | D:2      | Reached skill level 1 in Stealth
  2115 | D:2      | Reached XP level 4. HP: 8/19 MP: 4/8
  2123 | D:2      | HP: 1/28 [poisoned by an adder]
  2925 | D:2      | Killed from afar by an orc priest
  2926 | D:2      | Reached XP level 3. HP: 0/15 MP: 0/7
  2998 | D:2      | Reached XP level 4. HP: 17/19 MP: 5/8
  3542 | D:3      | Succumbed to an adder's poison

Illustrated notes

Levels and vault maps discovered:
D:1:      dpeg_arrival_water_temple_mockup, layout_basic,
          shapermc_ecumenical_altar_mp_highgroup
D:2:      minmay_door_path, layout_basic
D:3:      layout_loops_cross, mainiacjoe_overflow_brackets,
          portal_sewer_entry_e, minmay_misc_feat_more_columns,
          grunt_ministairs_1, uniq_grinder

Skill      XL: |  1  2  3 |
---------------+----------+-----
Dodging        | 3 |  3.8
Unarmed Combat | 4 |  4.4
Stealth        | 2 |  2.3
Transmutations | 3 |  3.1
Fighting       | |  1.0
Spellcasting   | |  2.0

Action                   |  1- 3 |  4- 6 || total
-------------------------+-------+-------++-------
Melee: Unarmed           |    93 |    64 ||   157
       Bite              |     3 |     6 ||     9
       Punch             |       |     1 ||     1
 Cast: Beastly Appendage |     1 |     2 ||     3
  Use: Scroll            |       |     2 ||     2
       Potion            |       |     2 ||     2
 Stab: Sleeping          |       |     4 ||     4
Armor: Skin              |     3 |     2 ||     5
Dodge: Dodged            |    58 |    40 ||    98
